 Dungeon Crawl Stone Soup version 0.23.2-40-g277498a001 (webtiles) character file.

Game seed: 4826513791060194094

1042 Curus the Cleaver (level 8, 0/64 HPs)
             Began as a Hill Orc Abyssal Knight on Oct 17, 2019.
             Was a Believer of Lugonu.
             Succumbed to a worker ant's poison
             ... on level 6 of the Dungeon.
             The game lasted 00:16:39 (4748 turns).

Curus the Cleaver (Hill Orc Abyssal Knight)         Turns: 4748, Time: 00:16:40

Health: 0/64       AC:  9    Str: 15    XL:     8   Next: 25%
Magic:  3/14       EV:  6    Int: 18    God:    Lugonu [**....]
Gold:   281        SH:  0    Dex: 12    Spells: 7/7 levels left

rFire    . . .     SeeInvis .   d - +0 broad axe
rCold    . . .     Gourm    .   (no shield)
rNeg     . . .     Faith    .   h - +0 chain mail
rPois    .         Spirit   +   q - +0 helmet
rElec    .         Reflect  .   (no cloak)
rCorr    .         Harm     .   (no gloves)
MR       .....                  (no boots)
Stlth    ..........             o - amulet of guardian spirit
HPRegen  0.20/turn              g - ring of flight
MPRegen  0.14/turn              k - +6 ring of intelligence

@: lethally poisoned (0 -> -7), berserk cooldown, drained
A: no striking features
a: Depart the Abyss, Bend Space, Renounce Religion, Evoke Flight


You were on level 6 of the Dungeon.
You worshipped Lugonu.
Lugonu was pleased with you.
You were not hungry.

You visited 1 branch of the dungeon, and saw 6 of its levels.
You visited the Abyss 1 time.

You collected 281 gold pieces.

Inventory:

Hand Weapons
 a - a +1 hand axe
 d - a +0 broad axe (weapon)
Armour
 b - a +1 leather armour
 f - a +0 ring mail
 h - a +0 chain mail (worn)
 q - a +0 helmet (worn)
Jewellery
 g - a ring of flight (left hand)
 k - a +6 ring of intelligence (right hand)
 o - an amulet of guardian spirit (around neck)
Wands
 j - a wand of acid (7)
 m - a wand of digging (6)
 p - a wand of disintegration (12)
Scrolls
 e - a scroll of identify
 i - 5 scrolls of remove curse
 l - a scroll of fog
 n - a scroll of amnesia
Comestibles
 c - 5 rations


   Skills:
 - Level 3.6(2.7) Fighting
 + Level 9.0(8.0) Axes
 - Level 2.1(1.3) Armour
 - Level 0.7(0.0) Dodging
 + Level 9.0(8.0) Invocations


You had 7 spell levels left.
You didn't know any spells.
Your spell library was empty.

Dungeon Overview and Level Annotations

Branches:
Dungeon (6/15)             Temple (0/1) D:4

Altars:
Hepliaklqana
Ru

Shops:
D:4 (


Message History

You feel sick. The worker ant bites you.
You are lethally poisoned!
The worker ant poisons you!
* * * LOW HITPOINT WARNING * * *
You feel sick.
* * * LOW HITPOINT WARNING * * *
You feel sick.
You closely miss the worker ant.
* * * LOW HITPOINT WARNING * * *
You feel sick. The worker ant bites you.
* * * LOW HITPOINT WARNING * * *
The worker ant barely misses you.
Your chain mail prevents you from hitting the worker ant.
* * * LOW HITPOINT WARNING * * *
You feel sick.
The worker ant bites you but does no damage.
You hit the worker ant.
The worker ant is lightly wounded.
You die...

...# #.# ..# ###..#.#
##(####.##### #.# #......#
........)...##
#.######.#.####
.....##.###z.####.##.....#.#
.†...##.# ##.##......#####.#
.....##.# ##.##.#..###.....#
##..###.# #.....##.##..#####
#... #.....##z###....##
###.....### #za@.#..##
.......######.#...# #####
..............#...# #.... .
...#####....#.#######....
##................
####....†######..<.
#.....##.# #....
#>...#.#.##.# #....
#......#.##.# #####


You could see a worker ant and 2 wights.

Vanquished Creatures
  A phantom (D:4)
  An ogre (D:4)
  2 bullfrogs (D:6)
  3 scorpions
  2 wights (D:6)
  A hound (D:4)
  An orc priest (D:4)
  A centaur skeleton (D:4)
  4 orc wizards
  A bullfrog skeleton (D:6)
  A worker ant (D:4)
  A hound skeleton (D:6)
  12 adders
  2 oozes
  A worm (D:4)
  5 leopard geckos
  7 orcs
  4 giant cockroaches
  3 goblins
  5 hobgoblins
  6 jackals
  A quokka (D:2)
  3 ball pythons
  9 bats
  7 frilled lizards
  5 kobolds
  4 rats (D:2)
93 creatures vanquished.

Vanquished Creatures (others)
  An ogre (D:4)
1 creature vanquished.

Grand Total: 94 creatures vanquished

Notes
Turn   | Place    | Note
-------+----------+-------------------------------------------
     0 | Abyss:1  | Curus the Hill Orc Abyssal Knight began the quest for the
                  | Orb.
     0 | Abyss:1  | Reached XP level 1. HP: 19/19 MP: 2/2
     4 | Abyss:1  | Found a corrupted altar of Lugonu.
    51 | D:1      | Escaped the Abyss
   219 | D:1      | Reached XP level 2. HP: 26/26 MP: 4/4
  1077 | D:2      | Reached XP level 3. HP: 24/31 MP: 5/5
  1174 | D:2      | Reached ** piety under Lugonu
  1483 | D:3      | Reached XP level 4. HP: 39/39 MP: 7/7
  2171 | D:3      | Reached skill level 5 in Axes
  2185 | D:3      | Reached XP level 5. HP: 27/45 MP: 8/8
  2193 | D:3      | Reached skill level 5 in Invocations
  2876 | D:4      | Noticed a phantom
  2891 | D:4      | Reached XP level 6. HP: 24/51 MP: 10/10
  2906 | D:4      | Found Omaure Joyh's Weapon Shoppe.
  2909 | D:4      | Killed a phantom
  3220 | D:4      | Reached XP level 7. HP: 53/57 MP: 10/12
  3268 | D:4      | Reached *** piety under Lugonu
  3277 | D:4      | Found a staircase to the Ecumenical Temple.
  3664 | D:4      | Found a hazy altar of Hepliaklqana.
  3968 | D:5      | Entered Level 5 of the Dungeon
  4092 | D:5      | Found a sacrificial altar of Ru.
  4608 | D:6      | Reached XP level 8. HP: 51/64 MP: 11/14
  4745 | D:6      | HP: 3/64 [poisoned by a worker ant]
  4746 | D:6      | HP: 1/64 [worker ant (1)]
  4748 | D:6      | Succumbed to a worker ant's poison

Skill      XL: |  1  2  3  4  5  6  7  8 |
---------------+-------------------------+-----
Axes           | 3 4 5 6 7 8 9 |  9.0
Invocations    | 3 4 6 7 8 9 |  9.0
Fighting       | |  3.6
Armour         | |  2.1
Dodging        | |  0.7

Action                   |  1- 3 |  4- 6 |  7- 9 || total
-------------------------+-------+-------+-------++-------
Melee: Hand axe          |    58 |       |       ||    58
       Broad axe         |    51 |   168 |   104 ||   323
Invok: Bend Space        |       |     1 |     1 ||     2
       Banish            |       |       |     1 ||     1
Evoke: Wand              |       |     3 |     3 ||     6
  Use: Scroll            |     5 |     2 |     2 ||     9
       Potion            |     5 |       |     2 ||     7
  Eat: Chunk             |     2 |     4 |     1 ||     7
       Ration            |       |     1 |     1 ||     2
Armor: Leather armour    |    28 |       |       ||    28
       Ring mail         |    13 |    10 |       ||    23
       Chain mail        |       |   112 |    89 ||   201
Dodge: Dodged            |    64 |    70 |    32 ||   166
